Unix NetHack Version 5.0.0-0 post-release - last build May  4 2026 22:22:43 (774f63e81ad911689b3a0859ea89b322d5daca8d,branch:main).

Game began 2026-05-10 19:40:20, ended 2026-05-10 20:07:33.

Eesui, chaotic male human Rogue

                                                    ----
                                                    |..|
                                                    |.`--
                                               ------)..|
                                           --- |..--...--
                                         --..---.....^.--
                                         |..............|
                                         |......--.---.--
                                   ...   --.|.#- --- ---
                                   ...    |.|
                                   ...    |.|
                                   .).|   |%|
                                  ....-- .|/|
                                  ......../.-
                                  ..<...).).(
                                   ........)
                                       ...

Eesui the Rogue         St:11 Dx:16 Co:16 In:10 Wi:12 Ch:11  Chaotic
Dlvl:4  $:0  HP:0(53) Pw:24(24) AC:1  Xp:6/403 T:4738  Burdened

Latest messages:
 The bat misses!
 You hit the bat.
 You kill the bat!
 You have a little trouble lifting B - a potion called 100 puce.
 You hear a nearby zap.
 The magic missile whizzes by you!
 The magic missile bounces!
 The magic missile whizzes by you!
 You hear a nearby zap.
 The magic missile hits you!
 The bugbear wields an axe!
 The axe welds itself to the bugbear's hand!
 You miss the bugbear.
 You miss the bugbear.
 You miss the bugbear.
 You miss the bugbear.
 The bugbear swings her axe.
 The bugbear hits!
 You miss the bugbear.
 You miss the bugbear.
 The bugbear swings her axe.
 The bugbear hits!
 You miss the bugbear.
 You miss the bugbear.
 The bugbear swings her axe.
 The bugbear misses!
 You hit the bugbear.
 You hit the bugbear.
 You hit the bugbear.
 You miss the bugbear.
 The bugbear swings her axe.
 The bugbear hits!
 The large dog picks up a green gem.
 The large dog misses the bugbear.
 In what direction?
 You throw 2 daggers.
 The 1st dagger hits the bugbear.
 The 2nd dagger hits the bugbear.
 The bugbear swings her axe.
 The bugbear hits!
 The large dog misses the bugbear.
 The large dog bites the bugbear.
 The bugbear swings her axe at the large dog.
 The bugbear hits the large dog.
 You hear some noises.
 You hear a nearby zap.
 The magic missile hits you!
 You die...
 Do you want your possessions identified? [ynq] (y)
 Do you want to see your attributes? [ynq] (y)

Inventory:
 Weapons  (')')
  b - a +0 dagger (wielded in left hand)
  u - 14 +0 daggers (at the ready)
  t - the +0 Sting (wielded in right hand)
 Armor    ('[')
  R - an uncursed +0 dwarvish iron helm (being worn)
  n - an uncursed +0 pair of iron shoes (being worn)
  d - an uncursed -1 cloak of protection (being worn)
  c - an uncursed +1 leather armor (being worn)
 Potions  ('!')
  B - an uncursed potion of paralysis
 Wands    ('/')
  q - a wand of magic missile (0:5)
  r - a wand of make invisible (0:5)
  L - a wand of slow monster (0:5)
  s - a wand of striking (0:2)
 Tools    ('(')
  f - an uncursed bag of holding containing 21 items
  W - an empty uncursed sack
  e - an uncursed lock pick
  J - an uncursed magic whistle
  j - an uncursed skeleton key

Contents of the bag of holding:
  440 gold pieces
  a +0 arrow
  an uncursed +0 pair of iron shoes
  an uncursed +0 pair of iron shoes
  an uncursed +0 dwarvish cloak
  an uncursed +0 dwarvish cloak
  an uncursed slime mold
  6 uncursed food rations
  an uncursed fortune cookie
  a cursed fortune cookie
  an uncursed scroll of destroy armor
  an uncursed scroll of earth
  an uncursed scroll of identify
  a blessed spellbook of healing
  an uncursed potion of fruit juice
  an uncursed potion of invisibility
  an uncursed potion of monster detection
  an uncursed potion of water
  a wand of enlightenment (0:11)
  a greased +0 pick-axe
  2 uncursed worthless pieces of red glass

Eesui the Rogue's attributes:

Background:
 You were a Rogue, level 6 male human.
 You were chaotic, on a mission for Kos
 who was opposed by Issek (lawful) and Mog (neutral).
 You were right-handed.
 You were in the Gnomish Mines, on level 4.
 You entered the dungeon 4738 turns ago.
 You had 403 experience points, 237 more were needed to attain level 7.

Basics:
 You had 0 out of 53 hit points.
 You had all 24 energy points (spell power).
 Your armor class was 1.
 Your wallet was empty, but
 you had 440 zorkmids stashed away in your pack.
 Autopickup was on for '$?!/=+"' plus thrown.

Final Characteristics:
 Your strength was 11 (limit:18/100).
 Your dexterity was 16 (limit:18).
 Your constitution was 16 (limit:18).
 Your intelligence was 10 (limit:18).
 Your wisdom was 12 (limit:18).
 Your charisma was 11 (limit:18).

Final Status:
 You weren't hungry.
 You were burdened; movement was slightly slowed.
 You were wielding two weapons at once.
 Your skill in dagger was limited by being basic with two weapons.
 You could have enhanced skill with two weapons.

Final Attributes:
 You were piously aligned.
 You were telepathic.
 You were aware of the presence of orcs.
 You were stealthy.
 You were protected.
 You are dead.

Miscellaneous:
 You disabled loading and storing of bones levels.
 Total elapsed playing time was 27 minutes and 12 seconds.

Major events:
 Turn
    1: Eesui the chaotic male human Rogue entered the dungeon
  736: entered the Gnomish Mines
  886: attained the rank of Cutpurse (level 3)
 1055: became literate by naming Sting
 3424: entered Sokoban
 4489: attained the rank of Rogue (level 6)
 4738: killed by a magic missile zapped by a bugbear

You didn't know any spells.

Skills:
 Fighting Skills
   bare handed combat [Unskilled]
   two weapon combat  [Basic]
   riding             [Unskilled]
 Weapon Skills
   dagger             [Skilled]
   knife              [Unskilled]
   short sword        [Basic]
   broadsword         [Unskilled]
   long sword         [Unskilled]
   two-handed sword   [Unskilled]
   saber              [Unskilled]
   club               [Unskilled]
   mace               [Unskilled]
   morning star       [Unskilled]
   flail              [Unskilled]
   hammer             [Unskilled]
   polearms           [Unskilled]
   spear              [Unskilled]
   crossbow           [Unskilled]
   dart               [Unskilled]
   shuriken           [Unskilled]
 Spellcasting Skills
   divination spells  [Unskilled]
   escape spells      [Unskilled]
   matter spells      [Unskilled]

Voluntary challenges:
 Character rerolling was not enabled.
 You never genocided any monsters.
 You never polymorphed an object.
 You never changed form.
 You used no wishes.
 You did not violate any of the special Sokoban rules.
Achievements:
 You entered a shop.
 You entered the Gnomish Mines.
 You attained the rank of Cutpurse.
 You entered Sokoban.
 You attained the rank of Rogue.

 The Dungeons of Doom: levels 1 to 7
    Level 1:
       A fountain, a sink.
    Level 2:
       A potion shop, a grave.
       Stairs down to The Gnomish Mines.
    Level 3: "stash"
       A general store.
    Level 4:
       A wand shop.
    Level 5:
       Many fountains.
    Level 6: "vault"
       A scroll shop.
       Stairs up to Sokoban, level 5.
    Level 7:
 The Gnomish Mines: levels 3 to 4
    Level 3:
    Level 4: <- You were here.
       Final resting place for
          you, killed by a magic missile zapped by a bugbear.
 Sokoban:
    Level 5:
       Unsolved.


Vanquished creatures:
  2 gnome rulers
  a dingo
  a dog
  a housecat
  a gnome mummy
 an imp
  a pony
  a shrieker
  3 gnome leaders
  3 elf zombies
  a straw golem
  2 giant ants
  a floating eye
  a kitten
  6 dwarves
  3 homunculi
  a kobold shaman
  2 rothes
  a centipede
 an orc zombie
  a werejackal
  4 iguanas
  2 acid blobs
  a gas spore
  2 hobbits
  a large kobold
  a giant rat
  3 cave spiders
  2 green molds
 18 gnomes
  a gecko
  6 jackals
  a fox
  3 goblins
  a sewer rat
  9 grid bugs
  3 bats
  7 lichens
 10 newts
110 creatures vanquished.

No species were genocided or became extinct.

Game over:
                       ----------
                      /          \
                     /    REST    \
                    /      IN      \
                   /     PEACE      \
                  /                  \
                  |      Eesui       |
                  |      440 Au      |
                  |   killed by a    |
                  |  magic missile   |
                  |   zapped by a    |
                  |     bugbear      |
                  |       2026       |
                 *|     *  *  *      | *
        _________)/\\_//(\/(/\)/\//\/|_)_______

Goodbye Eesui the Rogue...

You died in The Gnomish Mines on dungeon level 4 with 2328 points,
and 440 pieces of gold, after 4738 moves.
You were level 6 with a maximum of 53 hit points when you died.

